 Dungeon Crawl Stone Soup version 0.22.0-75-g3901e79 (webtiles) character file.

140 codl the Ruffian (level 5, 0/40 HPs)
             Began as a Draconian Transmuter on Sept 12, 2018.
             Was a Follower of Nemelex Xobeh.
             Slain by an orc wizard
             ... wielding a +0 dagger
              (2 damage)
             ... on level 4 of the Dungeon.
             The game lasted 00:12:38 (2602 turns).

codl the Ruffian (Draconian Transmuter)             Turns: 2602, Time: 00:12:38

Health: 0/40       AC:  5    Str: 13    XL:     5   Next: 2%
Magic:  8/8        EV: 12    Int: 14    God:    Nemelex Xobeh [*.....]
Gold:   200        SH:  0    Dex: 11    Spells: 7/8 levels left

rFire    . . .     SeeInvis .   p - +1 hand axe (flame)
rCold    . . .     Gourm    .   (no shield)
rNeg     . . .     Faith    .   (armour unavailable)
rPois    .         Spirit   .   (helmet restricted)
rElec    .         Reflect  .   (no cloak)
rCorr    .         Harm     .   (no gloves)
MR       .....                  (no boots)
Stlth    +.........             (no amulet)
HPRegen  0.13/turn              (no ring)
MPRegen  0.11/turn              (no ring)

@: confused, appendage (expiring)
A: unfitting armour, horns 2, cold-blooded, AC +5
a: End Transformation, Renounce Religion


You were on level 4 of the Dungeon.
You worshipped Nemelex Xobeh.
Nemelex Xobeh was aware of your devotion.
You were not hungry.
You had grown temporary horns.
You visited 1 branch of the dungeon, and saw 4 of its levels.
You also visited: Sewer.

You collected 200 gold pieces.

Inventory:

Hand Weapons
 b - a +0 dagger
 f - a +1 dagger of venom
 p - a +1 hand axe of flaming (weapon)
Missiles
 a - 21 arrows
Wands
 n - a wand of iceblast (11)
Scrolls
 e - a scroll of remove curse
 o - a scroll of enchant weapon {unknown}
 q - 9 scrolls of teleportation
Potions
 d - 3 potions of might
 i - 2 potions of curing
 j - a potion of heal wounds {unknown}
 k - a potion of flight
 m - a potion of brilliance {unknown}
Miscellaneous
 g - a legendary deck of destruction
 h - a plain deck of summoning {drawn: 1}
Comestibles
 c - 3 rations


   Skills:
 + Level 1.2 Fighting
 * Level 1.7 Axes
 + Level 2.3 Dodging
 + Level 0.4 Stealth
 + Level 4.7 Unarmed Combat
 + Level 2.2 Spellcasting
 + Level 2.1 Transmutations


You had 7 spell levels left.
You knew the following spells:

 Your Spells              Type           Power        Failure   Level  Hunger
a - Beastly Appendage     Tmut           #.....       10%         1    #......

Your spell library contained the following spells:

 Spells                   Type           Power        Failure   Level  Hunger
 Sticks to Snakes         Tmut           #.......     14%         2    ###....
 Spider Form              Tmut/Pois      #.........   41%         3    ###....
 Ice Form                 Ice/Tmut       #.......     83%         4    #####..
 Blade Hands              Tmut           #.........   95%         5    ######.


Dungeon Overview and Level Annotations

Branches:
Dungeon (4/15)
 Temple: D:4-7

Altars:
Kikubaaqudgha
Nemelex Xobeh


Innate Abilities, Weirdness & Mutations

Your plain brown scales are hard. (AC +5)
You cannot fit into any form of body armour.
You are cold-blooded and may be slowed by cold attacks.
You have a pair of horns on your head.


Message History

The orc wizard gestures wildly while chanting.
The orc wizard flickers and vanishes!
Deactivating autopickup; reactivate with Ctrl-A.
You closely miss something.
You hear some strange, mumbled words.
You are confused.
You miss something. You headbutt something. You tail-slap something.
You hear some strange, mumbled words.
A puff of flame appears from out of thin air!
The puff of flame hits you! Something hits you.
You're too confused to move!
You hear some strange, mumbled words.
A puff of flame appears from out of thin air!
The puff of flame hits you!
* * * LOW HITPOINT WARNING * * *
You're too confused to move!
Something hits you.
* * * LOW HITPOINT WARNING * * *
You draw a card...
It is the Rangers.
Something hits you.
You die...
Your body disappears without a glow.

##
##.###########.
#..<.).c.......
##.###@........
#. #c######.#
#. #.# #. #.#
#. #.# #. #?#
.. #.# #.# #.#


You could see 2 friendly centaurs.

Vanquished Creatures
  An orc priest (D:4)
  2 adders (D:2)
  2 river rats (Sewer)
  A leopard gecko (D:2)
  An orc (D:4)
  6 ball pythons
  A giant cockroach (D:3)
  8 goblins
  7 hobgoblins
  6 jackals
  A quokka (D:2)
  5 bats
  14 frilled lizards
  9 kobolds
  14 rats
  A rat zombie (D:3)
79 creatures vanquished.

Notes
Turn   | Place    | Note
-------+----------+-------------------------------------------
     0 | D:1      | codl the Draconian Transmuter began the quest for the Orb.
     0 | D:1      | Reached XP level 1. HP: 16/16 MP: 3/3
   156 | D:1      | Reached XP level 2. HP: 23/23 MP: 5/5
   204 | D:1      | Found a sparkling altar of Nemelex Xobeh.
   212 | D:1      | Became a worshipper of Nemelex Xobeh the Trickster
   332 | D:1      | Received a gift from Nemelex Xobeh
   969 | D:2      | Reached skill level 4 in Unarmed Combat
   969 | D:2      | Reached XP level 3. HP: 21/28 MP: 6/6
  1101 | D:2      | Noticed an ogre
  1196 | D:2      | Reached * piety under Nemelex Xobeh
  1242 | D:3      | Received a gift from Nemelex Xobeh
  1244 | D:3      | 8-)
  1596 | D:3      | Found an ancient bone altar of Kikubaaqudgha.
  1647 | D:3      | Found a glowing drain.
  1649 | D:3      | Reached XP level 4. HP: 27/35 MP: 7/7
  1667 | Sewer    | Entered a sewer
  2322 | D:3      | Reached skill level 1 in Axes
  2585 | D:4      | Reached XP level 5. HP: 23/40 MP: 8/8
  2601 | D:4      | HP: 2/40 [something (3)]
  2602 | D:4      | Slain by an orc wizard

Skill      XL: |  1  2  3  4 |
---------------+-------------+-----
Dodging        | 2 |  2.3
Unarmed Combat | 4 |  4.7
Axes           | 1 |  1.7
Fighting       | |  1.2
Stealth        | |  0.4
Spellcasting   | |  2.2
Transmutations | |  2.1

Action                   |  1- 3 |  4- 6 || total
-------------------------+-------+-------++-------
Melee: Unarmed           |   141 |    16 ||   157
       Tailslap          |    10 |     4 ||    14
       Punch             |     1 |       ||     1
       Hand axe          |       |    78 ||    78
       Headbutt          |       |     1 ||     1
 Cast: Beastly Appendage |       |     1 ||     1
Evoke: Deck              |       |     1 ||     1
  Use: Scroll            |     2 |     2 ||     4
       Potion            |       |     1 ||     1
 Stab: Sleeping          |     1 |     3 ||     4
  Eat: Chunk             |     2 |     4 ||     6
Armor: Skin              |    51 |    18 ||    69
Dodge: Dodged            |    86 |    50 ||   136
